[Event "Titled Tuesday Blitz January 31 Early 2023"]
[White "Najdin, Danil"]
[Black "Ansh M Shah"]
[WhiteFideId "4172426"]
[BlackFideId "25033379"]
[WhiteElo "2235"]
[BlackElo "2171"]
[Result "0-1"]
[Round "10"]
[TimeControl "180+2"]
[Date "2023.01.31"]
[WhiteClock "0:00:42"]
[BlackClock "0:01:38"]

1. e4 c6 2. d4 d5 3. exd5 cxd5 4. Bd3 Nc6 5. c3 Nf6 6. Bf4 Bg4 7. Qb3 Qd7 8. Nd2 e6 9. Ngf3 Bd6 10. Ne5 Qc7 11. O-O O-O 12. Rae1 Nd7 13. Nxd7 Qxd7 14. Bxd6 Qxd6 15. f4 a6 16. h3 Bh5 17. Qc2 Bg6 18. f5 exf5 19. Bxf5 Rac8 20. Bxg6 hxg6 21. Qd3 Rce8 22. Nf3 b5 23. a3 Na5 24. Rxe8 Rxe8 25. Ne5 Re7 26. Qf3 Qe6 27. Nd3 Nc4 28. Re1 Qd6 29. Rxe7 Qxe7 30. Nb4 Qe1+ 31. Kh2 Nd2 32. Qxd5 Nf1+ 33. Kg1 Ne3+ 0-1


[Site "https://www.chess.com"]

[Event "Titled Tuesday Blitz January 31 Early 2023"]
[White "Lesbekova, Assel"]
[Black "Cella, Glaucio Dalla Cortt"]
[WhiteFideId "13713248"]
[BlackFideId "2119455"]
[WhiteElo "1772"]
[BlackElo "1894"]
[Result "0-1"]
[Round "10"]
[TimeControl "180+2"]
[Date "2023.01.31"]
[WhiteClock "0:00:15"]
[BlackClock "0:01:08"]

1. e4 c5 2. Nc3 e6 3. Nge2 Nc6 4. g3 d5 5. exd5 exd5 6. d4 cxd4 7. Nxd4 Nf6 8. Bg2 Bg4 9. f3 Bd7 10. O-O Be7 11. f4 O-O 12. Nxd5 Nxd5 13. Bxd5 Bc5 14. c3 Bh3 15. Bg2 Nxd4 16. cxd4 Bxd4+ 17. Kh1 Bxg2+ 18. Kxg2 Re8 19. Qf3 Rc8 20. Rd1 Rc2+ 21. Rd2 Qc8 22. Qd3 Qc6+ 23. Kh3 Rc5 24. g4 Be3 25. Re2 Qf3+ 26. Kh4 Rc6 27. Rxe3 Rh6+ 28. Kg5 f6+ 29. Kf5 Rh5+ 30. gxh5 Qxh5# 0-1


[Site "https://www.chess.com"]

[Event "Titled Tuesday Blitz January 31 Early 2023"]
[White "Lorenzo De La Riva, Lazaro"]
[Black "Oro, Faustino"]
[WhiteFideId "2268809"]
[BlackFideId "20000197"]
[WhiteElo "2404"]
[BlackElo "2269"]
[Result "0-1"]
[Round "10"]
[TimeControl "180+2"]
[Date "2023.01.31"]
[WhiteClock "0:00:13"]
[BlackClock "0:00:15"]

1. b3 b6 2. Bb2 Bb7 3. c4 e6 4. Nf3 Nf6 5. g3 Be7 6. Bg2 O-O 7. O-O d5 8. d3 c5 9. e3 Nc6 10. Re1 Qc7 11. Nc3 Rad8 12. Qe2 a6 13. a3 Rd7 14. cxd5 exd5 15. Rac1 Rfd8 16. d4 Qb8 17. dxc5 bxc5 18. Na4 Qa7 19. Ne5 Nxe5 20. Bxe5 Bc6 21. Bxf6 Bxf6 22. Nxc5 Re7 23. Qg4 Bb2 24. Rc2 Bxa3 25. Nd3 Bb5 26. Nf4 d4 27. Nh5 g6 28. Nf6+ Kg7 29. Qh4 dxe3 30. fxe3 Rxe3 31. Qxh7+ Kxf6 32. Rf2+ Rf3 33. Bxf3 Bc5 34. Qh4+ Kg7 35. g4 Rd2 36. Be2 Rxe2 37. Rxe2 Bxe2 38. Qf6+ Kg8 39. Qd8+ Bf8 40. Qd5 Bxg4 41. Kg2 Be6 42. Qf3 Qb8 43. Rb2 Qe5 44. Re2 Qg5+ 45. Kf1 Bd5 46. Qe3 Qf5+ 47. Qf2 Qh3+ 48. Ke1 Bb4+ 49. Kd1 Qxb3+ 50. Rc2 Be4 0-1


[Site "https://www.chess.com"]

[Event "Titled Tuesday Blitz January 31 Early 2023"]
[White "Biastoch, Bennet"]
[Black "Kvaloy, Aksel Bu"]
[WhiteFideId "12939889"]
[BlackFideId "1528815"]
[WhiteElo "2257"]
[BlackElo "2321"]
[Result "0-1"]
[Round "10"]
[TimeControl "180+2"]
[Date "2023.01.31"]
[WhiteClock "0:00:27"]
[BlackClock "0:00:17"]

1. e4 e5 2. Nf3 Nf6 3. Nxe5 Nc6 4. Nxc6 dxc6 5. d3 Bc5 6. Be2 h5 7. Be3 Bxe3 8. fxe3 Ng4 9. Bxg4 hxg4 10. Qe2 Qd6 11. g3 Be6 12. Nd2 O-O-O 13. Nb3 a5 14. Nxa5 Qb4+ 15. Qd2 Qxb2 16. O-O Rh3 17. Rab1 Qe5 18. Nxb7 Rdh8 19. Qg2 Bxa2 20. Ra1 Kxb7 21. Rxa2 Rxh2 22. Qxh2 Rxh2 23. Kxh2 Qh5+ 24. Kg1 Qh3 25. Rxf7 Qxg3+ 26. Kf1 Qh3+ 27. Ke2 g3 28. Rb2+ Kc8 29. Rxg7 Qh2+ 30. Kd1 g2 31. Rg8+ Kd7 32. Rbb8 g1=Q+ 33. Rxg1 Qxg1+ 34. Kd2 Qf2+ 35. Kc3 Qxe3 36. Rf8 Qc5+ 0-1


[Site "https://www.chess.com"]

[Event "Titled Tuesday Blitz January 31 Early 2023"]
[White "Womacka, Mathias"]
[Black "Royal, Shreyas"]
[WhiteFideId "4611390"]
[BlackFideId "448869"]
[WhiteElo "2396"]
[BlackElo "2438"]
[Result "1-0"]
[Round "10"]
[TimeControl "180+2"]
[Date "2023.01.31"]
[WhiteClock "0:02:41"]
[BlackClock "0:02:46"]

1. e4 e5 2. Nf3 Nc6 3. Bb5 a6 4. Bxc6 dxc6 5. O-O f6 6. d4 exd4 7. Nxd4 Bc5 8. Qh5+ g6 9. Qxc5 Ne7 10. Bf4 Bd7 11. Nc3 O-O 12. Rad1 Qc8 13. Qxe7 1-0


[Site "https://www.chess.com"]

[Event "Titled Tuesday Blitz January 31 Early 2023"]
[White "Fiorito, Joaquin"]
[Black "Papayan, Oleg"]
[WhiteFideId "180173"]
[BlackFideId "4193911"]
[WhiteElo "2405"]
[BlackElo "2253"]
[Result "0-1"]
[Round "10"]
[TimeControl "180+2"]
[Date "2023.01.31"]
[WhiteClock "0:01:02"]
[BlackClock "0:00:06"]

1. d4 Nf6 2. Nc3 d5 3. Bf4 c5 4. e4 Nxe4 5. Bb5+ Bd7 6. Nxd5 Qa5+ 7. b4 cxb4 8. Nc7+ Kd8 9. Bxd7 b3+ 10. Kf1 b2 11. Nxa8 bxa1=Q 12. Qxa1 Qa6+ 13. Ne2 Nxd7 14. Nc7 Qc4 15. f3 Nd6 16. Na8 Qc8 17. c4 Qxa8 18. c5 Nf5 19. Kf2 e6 20. g4 Ne7 21. Nc3 Nd5 22. Nxd5 exd5 23. Re1 Be7 24. Kg3 Re8 25. Qc3 Qc8 26. Qa5+ b6 27. Qxa7 bxc5 28. dxc5 Bxc5 29. Bc7+ Qxc7+ 30. Qxc7+ Kxc7 31. Rxe8 d4 32. Kf2 d3+ 33. Ke1 Bb4+ 34. Kd1 Nb6 35. Re4 Bc3 36. Re3 Nc4 37. Rxd3 Nb2+ 38. Kc2 Nxd3 39. Kxd3 Ba5 40. h4 Kd6 41. Ke4 Ke6 42. f4 f6 43. h5 Kd6 44. Kf5 Ke7 45. a4 Kf7 46. g5 g6+ 47. hxg6+ hxg6+ 48. Ke4 f5+ 49. Kd5 Bd2 50. Ke5 Ke7 51. Kd5 Bxf4 52. a5 Bxg5 53. a6 Be3 54. Kc4 Ba7 55. Kd3 Kf6 0-1


[Site "https://www.chess.com"]

[Event "Titled Tuesday Blitz January 31 Early 2023"]
[White "Lymar, Vladislav"]
[Black "Iljin, Timofey"]
[WhiteFideId "14162180"]
[BlackFideId "14110180"]
[WhiteElo "2119"]
[BlackElo "2329"]
[Result "1-0"]
[Round "10"]
[TimeControl "180+2"]
[Date "2023.01.31"]
[WhiteClock "0:01:09"]
[BlackClock "0:00:08"]

1. e4 e5 2. Nf3 Nc6 3. g3 Nf6 4. d3 d5 5. exd5 Qxd5 6. Nc3 Qd8 7. Bg2 Be7 8. O-O O-O 9. Re1 Bg4 10. h3 Bxf3 11. Bxf3 Bd6 12. Bg5 h6 13. Be3 Ne7 14. Bxb7 Rb8 15. Bg2 Rxb2 16. Bxa7 Bb4 17. Na4 Bxe1 18. Nxb2 Bc3 19. Rb1 Ned5 20. Nc4 Bd4 21. Bxd4 exd4 22. Ra1 Nc3 23. Qd2 c5 24. a4 Re8 25. a5 Re2 26. Qc1 Nfd5 27. a6 Qf6 28. Qf1 Ne3 29. fxe3 Qg5 30. Qf4 Qe7 31. a7 Rxe3 32. a8=Q+ Kh7 33. Be4+ g6 34. Qfb8 Ne2+ 35. Kh2 Qf6 36. Qg8# 1-0


[Site "https://www.chess.com"]

[Event "Titled Tuesday Blitz January 31 Early 2023"]
[White "Kopczynski, Michal"]
[Black "Turzo, Attila"]
[WhiteFideId "1124200"]
[BlackFideId "704954"]
[WhiteElo "2225"]
[BlackElo "2279"]
[Result "1-0"]
[Round "10"]
[TimeControl "180+2"]
[Date "2023.01.31"]
[WhiteClock "0:02:53"]
[BlackClock "0:02:01"]

1. e4 c5 2. d4 cxd4 3. c3 dxc3 4. Nxc3 e6 5. f4 Nc6 6. Nf3 Bb4 7. Bd3 Nge7 8. O-O O-O 9. e5 d6 10. Bxh7+ Kxh7 11. Ng5+ Kg6 12. Qg4 Qb6+ 13. Kh1 f5 14. Qh4 1-0


[Site "https://www.chess.com"]

[Event "Titled Tuesday Blitz January 31 Early 2023"]
[White "Martynov, Pavel"]
[Black "Bilan, Danila"]
[WhiteFideId "4101260"]
[BlackFideId "24161918"]
[WhiteElo "2414"]
[BlackElo "2303"]
[Result "1-0"]
[Round "10"]
[TimeControl "180+2"]
[Date "2023.01.31"]
[WhiteClock "0:00:45"]
[BlackClock "0:00:14"]

1. e4 c6 2. d4 d5 3. exd5 cxd5 4. c4 Nf6 5. Nc3 Nc6 6. Bg5 e6 7. Nf3 Be7 8. a3 O-O 9. Bd3 dxc4 10. Bxc4 b6 11. O-O Bb7 12. Qd3 Nd5 13. Bd2 Nxc3 14. bxc3 Bf6 15. Ba2 Ne7 16. Rfe1 Rc8 17. Ne5 g6 18. Bh6 Bg7 19. Bg5 Qd6 20. Nxf7 Qc6 21. f3 Rxf7 22. Rxe6 Qxc3 23. Qxc3 Rxc3 24. Rxe7 Bxd4+ 25. Kh1 1-0


[Site "https://www.chess.com"]

[Event "Titled Tuesday Blitz January 31 Early 2023"]
[White "Delorme, Axel"]
[Black "Sielecki, Christof"]
[WhiteFideId "632023"]
[BlackFideId "4620437"]
[WhiteElo "2483"]
[BlackElo "2419"]
[Result "0-1"]
[Round "10"]
[TimeControl "180+2"]
[Date "2023.01.31"]
[WhiteClock "0:00:40"]
[BlackClock "0:00:13"]

1. e4 c5 2. Nf3 a6 3. c3 d5 4. exd5 Qxd5 5. d4 e6 6. Bd3 Nf6 7. O-O Be7 8. Be3 Nbd7 9. c4 Qd6 10. Nc3 O-O 11. Ne4 Nxe4 12. Bxe4 Nf6 13. Bc2 cxd4 14. Qxd4 Qxd4 15. Bxd4 Bd7 16. Rfd1 Bc6 17. Ne5 Be4 18. Bxe4 Nxe4 19. f3 Nf6 20. Bb6 Rfc8 21. b3 Bc5+ 22. Bxc5 Rxc5 23. Nd7 Nxd7 24. Rxd7 b5 25. cxb5 axb5 26. Rb7 g6 27. h4 Rd8 28. a4 bxa4 29. bxa4 Rc2 30. Rb4 Rdd2 31. Rg4 h5 32. Rg5 Kg7 33. a5 f6 34. Rb5 Rxg2+ 35. Kh1 Rh2+ 36. Kg1 Rcg2+ 37. Kf1 Ra2 38. Rxa2 Rxa2 39. Rb7+ Kh6 40. Ra7 g5 41. hxg5+ Kxg5 42. a6 e5 43. Ra8 Kf4 44. a7 f5 45. Kg1 h4 46. Kh1 h3 47. Rh8 Rxa7 48. Rxh3 Ra2 49. Kg1 Ke3 50. Kf1 Rf2+ 51. Kg1 Rxf3 52. Rh8 e4 53. Ra8 Rg3+ 54. Kh2 Rg7 55. Rf8 f4 56. Ra8 f3 57. Ra3+ Kf4 58. Ra8 f2 59. Ra7 Rxa7 0-1


[Site "https://www.chess.com"]

[Event "Titled Tuesday Blitz January 31 Early 2023"]
[White "Bruned, Yvain"]
[Black "Ristic, Nebojsa B"]
[WhiteFideId "2250292"]
[BlackFideId "935468"]
[WhiteElo "2286"]
[BlackElo "2236"]
[Result "0-1"]
[Round "10"]
[TimeControl "180+2"]
[Date "2023.01.31"]
[WhiteClock "0:00:18"]
[BlackClock "0:00:21"]

1. b3 e5 2. Bb2 Nc6 3. e3 d6 4. Bb5 Bd7 5. Nf3 Nf6 6. d4 exd4 7. Nxd4 Be7 8. O-O O-O 9. Be2 Nxd4 10. Bxd4 Bc6 11. c4 Nd7 12. Nd2 Bf6 13. Bxf6 Qxf6 14. Bf3 Ne5 15. Bxc6 Nxc6 16. Nf3 Rfe8 17. Qd3 Ne5 18. Nxe5 Rxe5 19. Rad1 Rae8 20. Qd4 b6 21. h3 a5 22. Qc3 Qg6 23. Kh1 Rh5 24. Rd4 Ree5 25. f4 Re4 26. Qd3 Re7 27. Qxg6 hxg6 28. Rf3 f5 29. Kg1 Kf7 30. Kf2 Rh8 31. Rg3 Rhe8 32. Ke2 Re4 33. Kd3 Kf6 34. Rxe4 Rxe4 35. Rg5 c6 36. Rg3 Re8 37. Kd4 Re4+ 38. Kd3 b5 39. Rxg6+ Kxg6 0-1


[Site "https://www.chess.com"]

[Event "Titled Tuesday Blitz January 31 Early 2023"]
[White "Gheorghiu, Calin"]
[Black "Lewtak, Damian"]
[WhiteFideId "1200305"]
[BlackFideId "1141724"]
[WhiteElo "2313"]
[BlackElo "2381"]
[Result "0-1"]
[Round "10"]
[TimeControl "180+2"]
[Date "2023.01.31"]
[WhiteClock "0:00:02"]
[BlackClock "0:00:15"]

1. e4 c5 2. Nf3 Nf6 3. e5 Nd5 4. Nc3 Nxc3 5. bxc3 Nc6 6. d4 e6 7. Bd3 cxd4 8. cxd4 d6 9. exd6 Bxd6 10. O-O h6 11. Qe2 Ne7 12. c4 Bd7 13. d5 exd5 14. cxd5 O-O 15. Bb2 Bf5 16. Rfd1 Re8 17. Nd4 Bxd3 18. Qxd3 Be5 19. Re1 Qxd5 20. Rad1 Bxd4 21. Bxd4 Nc6 22. Rxe8+ Rxe8 23. Be3 Qxd3 24. Rxd3 a6 25. h3 h5 26. Rd7 Re7 27. Rd6 f6 28. Kh2 Kf7 29. Rd2 Ke6 30. Bc5 Rd7 31. Re2+ Kf7 32. g4 hxg4 33. hxg4 b5 34. Kg3 Ne5 35. Be3 Rd3 36. f3 g5 37. Kg2 Ra3 38. Bc5 Rd3 39. Be3 Ke6 40. Bc1 b4 41. Re4 a5 42. f4 Kd5 43. Re2 gxf4 44. Bxf4 Nxg4 45. Re8 Ne5 46. Bxe5 fxe5 47. Rd8+ Ke4 48. Ra8 Ra3 0-1


[Site "https://www.chess.com"]

[Event "Titled Tuesday Blitz January 31 Early 2023"]
[White "Gureeva, Dina"]
[Black "Gurevich, Dmitry"]
[WhiteFideId "4170695"]
[BlackFideId "2000407"]
[WhiteElo "2178"]
[BlackElo "2393"]
[Result "1-0"]
[Round "10"]
[TimeControl "180+2"]
[Date "2023.01.31"]
[WhiteClock "0:00:12"]
[BlackClock "0:00:03"]

1. d4 Nf6 2. c4 a6 3. Nf3 c5 4. dxc5 e6 5. g3 Bxc5 6. Bg2 O-O 7. O-O b5 8. Ne5 Ra7 9. Bg5 h6 10. Bxf6 Qxf6 11. Nd3 Bd4 12. Nd2 bxc4 13. Nxc4 d5 14. Nd2 Nc6 15. Rb1 Bd7 16. e4 dxe4 17. Nxe4 Qe7 18. Nf4 Be5 19. Nd3 Bd4 20. Qh5 f5 21. Nd2 e5 22. Nc4 e4 23. Nf4 Be8 24. Qe2 Ne5 25. Rfd1 Bc5 26. Nxe5 Qxe5 27. Rd5 Qe7 28. Qc4 Bf7 29. Qxc5 Bxd5 30. Qxd5+ Qf7 31. Qxf7+ Kxf7 32. Bf1 Rc8 33. b3 Kf6 34. Bc4 g5 35. Nd5+ Ke5 36. Ne3 Rd8 37. Re1 f4 38. Ng4+ Kf5 39. Nxh6+ Kg6 40. Ng4 Kf5 41. Nh6+ Kg6 42. Ng4 Kf5 43. h3 e3 44. fxe3 f3 45. Kf2 Ke4 46. Nf6+ Kf5 47. Nd5 Ke4 48. Nc3+ Ke5 49. Kxf3 Rh7 50. Kg4 Rdh8 51. Rf1 Rxh3 52. Rf5+ Kd6 53. Ne4+ Kc6 54. Nxg5 Rh2 55. a4 1-0


[Site "https://www.chess.com"]

[Event "Titled Tuesday Blitz January 31 Early 2023"]
[White "Koellner, Ruben Gideon"]
[Black "Girya, Olga"]
[WhiteFideId "12993093"]
[BlackFideId "4195752"]
[WhiteElo "2426"]
[BlackElo "2402"]
[Result "0-1"]
[Round "10"]
[TimeControl "180+2"]
[Date "2023.01.31"]
[WhiteClock "0:00:05"]
[BlackClock "0:00:04"]

1. d4 Nf6 2. Nf3 d5 3. e3 e6 4. Nbd2 Be7 5. Bd3 O-O 6. O-O Nbd7 7. Ne5 Nxe5 8. dxe5 Nd7 9. f4 Nc5 10. Qh5 Nxd3 11. cxd3 b6 12. Rf3 Ba6 13. e4 dxe4 14. Rh3 h6 15. Rg3 Kh8 16. Nxe4 Bxd3 17. f5 Bxe4 18. Bxh6 g6 19. Qe2 Bxf5 20. Rf1 Qd4+ 21. Kh1 Rfd8 22. h3 Qe4 23. Qxe4 Bxe4 24. Rxf7 Bc5 25. Rg4 Rd1+ 26. Kh2 Bg1+ 27. Kg3 Rd3+ 28. Kh4 Bf5 29. Rc4 c5 30. g4 Rad8 31. gxf5 gxf5 32. Kg5 Be3+ 33. Kg6 Bxh6 34. Kxh6 Rxh3+ 35. Kg6 Rg8+ 36. Kf6 Rh6+ 37. Ke7 Rg7 38. Rxg7 Kxg7 39. Rc2 Rg6 40. Rd2 f4 41. Rf2 Rg4 42. Kxe6 Kg6 43. Kd6 Kf5 44. e6 Rg6 45. Re2 f3 46. Re1 Kf4 47. Kd7 f2 48. Rf1 Ke3 49. e7 Rg8 50. e8=Q+ Rxe8 51. Kxe8 Ke2 52. Rh1 f1=Q 53. Rxf1 Kxf1 54. Kd7 Ke2 55. Kc6 Kd3 56. Kb7 Kc2 57. Kxa7 Kxb2 58. Kxb6 c4 59. a4 c3 60. a5 c2 61. a6 c1=Q 62. Kb7 Qh1+ 63. Kb8 Qh8+ 64. Kb7 Qg7+ 65. Kb8 Qf8+ 66. Kb7 Qe7+ 67. Kb8 Qd8+ 68. Kb7 Qd7+ 69. Kb8 Qd6+ 70. Kb7 Qb4+ 71. Ka8 Qc5 72. Kb8 Qb6+ 73. Ka8 Qxa6+ 74. Kb8 Qb6+ 0-1


[Site "https://www.chess.com"]

[Event "Titled Tuesday Blitz January 31 Early 2023"]
[White "Florescu, Codrut-Constantin"]
[Black "Manon-og, Ramon Jr."]
[WhiteFideId "1202200"]
[BlackFideId "5200776"]
[WhiteElo "2259"]
[BlackElo "1999"]
[Result "1-0"]
[Round "10"]
[TimeControl "180+2"]
[Date "2023.01.31"]
[WhiteClock "0:02:04"]
[BlackClock "0:00:09"]

1. e4 c5 2. Nf3 d6 3. d4 cxd4 4. Nxd4 Nf6 5. Nc3 a6 6. f4 Nbd7 7. Bd3 e5 8. Nf3 Qb6 9. a4 Be7 10. a5 Qc5 11. Qe2 O-O 12. Be3 Qb4 13. O-O exf4 14. Bxf4 Qxb2 15. Qd2 Qb4 16. Be3 d5 17. e5 Nh5 18. Ra4 d4 19. Bxd4 Qb2 20. Nd5 1-0


[Site "https://www.chess.com"]

[Event "Titled Tuesday Blitz January 31 Early 2023"]
[White "Llanos, Guillermo"]
[Black "Souleidis, Georgios"]
[WhiteFideId "100358"]
[BlackFideId "4206827"]
[WhiteElo "2290"]
[BlackElo "2419"]
[Result "0-1"]
[Round "10"]
[TimeControl "180+2"]
[Date "2023.01.31"]
[WhiteClock "0:00:09"]
[BlackClock "0:00:12"]

1. Nf3 Nf6 2. g3 g6 3. Bg2 Bg7 4. O-O O-O 5. d3 d5 6. Nbd2 c5 7. e4 Nc6 8. Re1 dxe4 9. dxe4 e5 10. c3 Qc7 11. Qe2 b6 12. Nc4 Ba6 13. Nfd2 Rad8 14. Bf1 h5 15. Qf3 Bc8 16. Ne3 Ne7 17. Bc4 Ng4 18. Ndf1 Qc6 19. Nd5 Nxd5 20. Bxd5 Qf6 21. Qe2 Qe7 22. Kg2 Qd7 23. Bg5 Nf6 24. Bxf6 Qh3+ 25. Kg1 Bxf6 26. Qf3 Kg7 27. Qg2 Qd7 28. Rad1 Qe7 29. Ne3 Bg5 30. Qf3 Bxe3 31. Qxe3 h4 32. f4 hxg3 33. Qxg3 exf4 34. Qxf4 Rh8 35. Rf1 Rdf8 36. e5 Bf5 37. Rde1 Rh4 38. Qf2 Rg4+ 39. Kh1 Rh8 40. e6 fxe6 41. Bxe6 Bxe6 42. Qf3 Rgh4 43. Qg3 Rxh2+ 44. Qxh2 Rxh2+ 45. Kxh2 Qh4+ 46. Kg2 Bh3+ 47. Kf3 Bxf1 48. Rxf1 Qc4 0-1


[Site "https://www.chess.com"]

[Event "Titled Tuesday Blitz January 31 Early 2023"]
[White "Rodriguez, Santiago"]
[Black "Reprintsev, Alexander"]
[WhiteFideId "3000591"]
[BlackFideId "14100541"]
[WhiteElo "2252"]
[BlackElo "2253"]
[Result "1-0"]
[Round "10"]
[TimeControl "180+2"]
[Date "2023.01.31"]
[WhiteClock "0:00:06"]
[BlackClock "0:01:02"]

1. d4 d5 2. Bf4 f6 3. c4 c6 4. Nc3 e6 5. e4 Bd6 6. e5 Bb4 7. Bd3 dxc4 8. Qh5+ Kf8 9. Bc2 Qxd4 10. Ne2 Bxc3+ 11. bxc3 Qc5 12. Rd1 Nd7 13. O-O Ne7 14. Rd2 Nd5 15. Bg3 Qe7 16. exf6 N7xf6 17. Qe5 Kf7 18. Re1 Rd8 19. Nd4 Kg8 20. Bh4 Qf7 21. Nf3 Bd7 22. Ng5 Qf8 23. Rd4 h6 24. Nxe6 Bxe6 25. Qxe6+ Qf7 26. Bh7+ Kf8 27. Qxf7+ Kxf7 28. Bf5 b5 29. h3 Re8 30. Rb1 Re5 31. a4 Rxf5 32. axb5 cxb5 33. Rxb5 Ne7 34. Rb7 Re5 35. Rxc4 a5 36. Rcc7 a4 37. Bg3 Re1+ 38. Kh2 Nd5 39. Rd7 Kf8 40. c4 Nf6 41. Rxe7 Rxe7 42. Bd6 Ng8 43. c5 Ke8 44. Bxe7 Nxe7 45. c6 Nxc6 46. Rxg7 a3 47. Rg8+ Kd7 48. Rxa8 Ne5 49. Rxa3 Nc4 50. Rc3 Nb6 51. Rd3+ Ke6 52. g4 Ke5 53. Kg3 Nc4 54. f4+ Ke4 55. Rd8 Nb6 56. Re8+ Kd5 57. h4 Nd7 58. Rd8 1-0


[Site "https://www.chess.com"]

[Event "Titled Tuesday Blitz January 31 Early 2023"]
[White "Ambartsumova, Karina"]
[Black "Myshakov, Fyodor"]
[WhiteFideId "4166299"]
[BlackFideId "14111284"]
[WhiteElo "2393"]
[BlackElo "2292"]
[Result "1-0"]
[Round "10"]
[TimeControl "180+2"]
[Date "2023.01.31"]
[WhiteClock "0:00:52"]
[BlackClock "0:00:53"]

1. e4 c6 2. Ne2 d5 3. e5 Bf5 4. Ng3 Bg6 5. h4 h6 6. h5 Bh7 7. e6 fxe6 8. d4 e5 9. dxe5 e6 10. Bd3 Bf5 11. Nxf5 exf5 12. Bxf5 Ne7 13. Qg4 Qc7 14. O-O Nxf5 15. Qxf5 Bc5 16. Qe6+ Kd8 17. Bf4 Rf8 18. Bg3 Qe7 19. Qg4 Qf7 20. e6 Qf5 21. Qxg7 Qxe6 22. Qxb7 Qe2 23. Nc3 Qg4 24. Qc7+ 1-0


[Site "https://www.chess.com"]

[Event "Titled Tuesday Blitz January 31 Early 2023"]
[White "Jimenez, Joaquin"]
[Black "Kim, Sergey"]
[WhiteFideId "109860"]
[BlackFideId "13700570"]
[WhiteElo "2195"]
[BlackElo "2295"]
[Result "0-1"]
[Round "10"]
[TimeControl "180+2"]
[Date "2023.01.31"]
[WhiteClock "0:01:21"]
[BlackClock "0:00:59"]

1. e4 e5 2. Nf3 Nc6 3. Bb5 a6 4. Ba4 Nf6 5. O-O b5 6. Bb3 Bc5 7. d3 d6 8. c3 h6 9. h3 O-O 10. Be3 Ba7 11. Nbd2 Be6 12. Bc2 d5 13. Qe2 d4 14. cxd4 exd4 15. Bf4 Re8 16. Bh2 Nb4 17. Bb1 c5 18. a4 Bb6 19. Rc1 Nc6 20. Nf1 c4 21. axb5 axb5 22. Rxa8 Qxa8 23. dxc4 bxc4 24. Rxc4 Bxc4 25. Qxc4 Nxe4 26. Ba2 Qb7 27. Bf4 d3 28. Be3 Bxe3 29. Nxe3 d2 30. Bb1 Ne5 31. Qxe4 Nxf3+ 32. Qxf3 Qxf3 33. gxf3 Rxe3 0-1


[Site "https://www.chess.com"]

[Event "Titled Tuesday Blitz January 31 Early 2023"]
[White "Al-Tarboush, Ward"]
[Black "Belov, Alexei"]
[WhiteFideId "7601450"]
[BlackFideId "4128206"]
[WhiteElo "2256"]
[BlackElo "2421"]
[Result "1-0"]
[Round "10"]
[TimeControl "180+2"]
[Date "2023.01.31"]
[WhiteClock "0:01:49"]
[BlackClock "0:01:36"]

1. e4 e6 2. d4 d5 3. exd5 exd5 4. Bd3 Nf6 5. Bg5 c5 6. Nf3 Nc6 7. O-O cxd4 8. Re1+ Be6 9. Bf5 Qd7 10. Bxf6 gxf6 11. Nxd4 Nxd4 12. Qxd4 Be7 13. Nc3 Bxf5 14. Nxd5 Be6 15. Nxf6+ Bxf6 16. Qxf6 Rg8 17. Rad1 Qc6 18. g3 Rg6 19. Qh8+ Ke7 20. Qxa8 Kf6 21. Qh8+ Ke7 22. Qd8# 1-0


[Site "https://www.chess.com"]

[Event "Titled Tuesday Blitz January 31 Early 2023"]
[White "Fiorito, Francisco"]
[Black "Forgacs, Attila Jr."]
[WhiteFideId "180165"]
[BlackFideId "773654"]
[WhiteElo "2305"]
[BlackElo "2264"]
[Result "0-1"]
[Round "10"]
[TimeControl "180+2"]
[Date "2023.01.31"]
[WhiteClock "0:00:14"]
[BlackClock "0:00:20"]

1. e4 e5 2. Nf3 Nc6 3. Bb5 a6 4. Ba4 Nf6 5. O-O Be7 6. Re1 b5 7. Bb3 O-O 8. c3 d5 9. exd5 Nxd5 10. Nxe5 Nxe5 11. Rxe5 c6 12. Bxd5 cxd5 13. d4 Bd6 14. Re1 Qh4 15. g3 Qh3 16. Qf3 Bg4 17. Qg2 Qh5 18. Be3 Bf3 19. Qf1 f5 20. Nd2 f4 21. Nxf3 fxe3 22. Rxe3 Rxf3 23. Qe2 Raf8 24. Re1 Qf5 25. Rxf3 Qxf3 26. Qe6+ Kh8 27. Rf1 Bb8 28. Qxa6 Qe2 29. a4 Qxb2 30. axb5 Qxc3 31. Qb6 Qc4 32. Re1 Bc7 33. Qc5 Rb8 34. Re7 Ba5 35. b6 Bb4 36. Rb7 Rxb7 0-1


[Site "https://www.chess.com"]

[Event "Titled Tuesday Blitz January 31 Early 2023"]
[White "Battlecruiser_Operational"]
[Black "Derjabin, Ilja"]
[BlackFideId "14104768"]
[WhiteElo "2422"]
[BlackElo "2333"]
[Result "1-0"]
[Round "10"]
[TimeControl "180+2"]
[Date "2023.01.31"]
[WhiteClock "0:00:11"]
[BlackClock "0:00:49"]

1. d4 c5 2. d5 d6 3. e4 g6 4. Nc3 Bg7 5. Nf3 a6 6. a4 Nf6 7. Bc4 Bg4 8. h3 Bxf3 9. Qxf3 Nbd7 10. O-O Ne5 11. Qe2 O-O 12. Ba2 b5 13. axb5 axb5 14. Qxb5 Ra7 15. Bf4 Qa8 16. Bxe5 Rb8 17. Qc6 dxe5 18. Qxc5 Rxb2 19. d6 e6 20. Bd5 Rxa1 21. Bxa8 Rxa8 22. Nb5 Bf8 23. Rd1 Ra5 24. c4 Nxe4 25. Qxe5 Nxf2 26. Qxb2 Nxd1 27. Qc1 Bh6 28. Qxd1 1-0


[Site "https://www.chess.com"]

[Event "Titled Tuesday Blitz January 31 Early 2023"]
[White "Estrada Nieto, Julian"]
[Black "Santos Flores, Alberto"]
[WhiteFideId "5101018"]
[BlackFideId "3601234"]
[WhiteElo "2215"]
[BlackElo "2164"]
[Result "0-1"]
[Round "10"]
[TimeControl "180+2"]
[Date "2023.01.31"]
[WhiteClock "0:00:23"]
[BlackClock "0:00:39"]

1. e4 c5 2. Nf3 Nc6 3. Bb5 g6 4. Bxc6 dxc6 5. d3 Bg4 6. h3 Bxf3 7. Qxf3 Bg7 8. Nd2 e5 9. O-O Nf6 10. Nc4 Qe7 11. a4 Nd7 12. a5 Nf8 13. Qg3 Ne6 14. c3 Qc7 15. Be3 O-O 16. d4 cxd4 17. cxd4 exd4 18. Qxc7 Nxc7 19. Bf4 Ne6 20. Bd6 Rfd8 21. e5 Rd7 22. Rfd1 Bf8 23. Ra4 Bxd6 24. exd6 Rad8 25. Rb4 Rb8 26. Kf1 b5 27. axb6 axb6 28. Rxb6 Rxb6 29. Nxb6 Rxd6 30. Ke2 c5 31. Nc4 Ra6 32. Kf3 Ra4 33. Rc1 f5 34. g4 Kf7 35. gxf5 gxf5 36. h4 Kf6 37. Nb6 Ra2 38. Nd7+ Kg6 39. Re1 Kf7 40. Re5 Rxb2 41. Rxf5+ Ke7 42. Nxc5 Rb5 43. Rh5 Rxc5 44. Rxh7+ Kd6 45. Ke4 Rd5 46. Kd3 Nc5+ 47. Kd2 d3 48. Rh8 Ne4+ 49. Ke3 d2 50. Rd8+ Kc6 51. Rxd5 Kxd5 52. Ke2 Kd4 53. f3 Kc3 54. fxe4 Kc2 55. Kf3 d1=Q+ 56. Kf4 Kd3 57. e5 Kd4 58. e6 Kd5 59. Kf5 Qf3+ 60. Kg6 Kxe6 61. h5 Qf6+ 62. Kh7 Kf7 63. h6 Qg6+ 0-1


[Site "https://www.chess.com"]